Blues vs BlackHawks

Created - March 18, 2016 at 20:53

Goals
1 2 3 T
Blues 3 1 1 5
BlackHawks 0 2 1 3
Shots
1 2 3 T
Blues 19 10 18 47
BlackHawks 12 14 4 30

1st period

1. Blues , Michael Raffl 20 (Matt Irwin, Jiri Hudler) at 15:44 (PP)
2. Blues , Mike Fisher 28 (Rick Nash) at 16:29
3. Blues , Marian Hossa 35 (Johnny Boychuk) at 17:07

Penalties :
Johnny Boychuk (STL) for Holding (Minor) at 5:13, Robyn Regehr (CHI) for Tripping (Minor) at 8:33, Matt Irwin (STL) for Hooking (Minor) at 12:18, Zack Kassian (CHI) for Roughing (Minor) at 14:56, Zack Kassian (CHI) for Hooking (Minor) at 18:27

2nd period

4. Blues , Mike Fisher 29 (Johnny Boychuk, Marian Hossa) at 0:04 (PP)
5. BlackHawks , Robyn Regehr 6 (Ryan OReilly, Marek Zidlicky) at 6:42
6. BlackHawks , Marek Zidlicky 6 (Ryan OReilly, Dion Phaneuf) at 19:33 (PP)

Penalties :
Mike Fisher (STL) for Elbowing (Minor) at 0:34, Jason Demers (CHI) for Roughing (Minor) at 4:13, Robyn Regehr (CHI) for Hooking (Minor) at 12:22, Michael Raffl (STL) for Hooking (Minor) at 17:38

3rd period

7. BlackHawks , Kevin Bieksa 8 (Ryan OReilly, Trevor Lewis) at 11:44 (PP)
8. Blues , Marian Hossa 36 (Rick Nash, Mike Fisher) at 14:21 (PP)

Penalties :
Kevin Bieksa (CHI) for Hooking (Minor) at 0:36, Tom Wilson (CHI) for Slashing (Minor) at 7:53, Johnny Boychuk (STL) for Roughing (Minor) at 10:05, Keith Aulie (CHI) for High sticking (Minor) at 13:19

Goalie Stats

Karri Ramo (STL), 27 saves from 30 shots - (0.900), W, 5-2-1, 60:00 minutes
Craig Anderson (CHI), 42 saves from 47 shots - (0.894), L, 15-17-7, 60:00 minutes

Players Stats for Blues

Player Name              G  A  P  +/- PIM S  H  SB GA TA FO     MP     PP MP  PK MP  
------------------------------------------------------------------------------------
Cal Clutterbuck          0  0  0  -1  0   1  1  0  0  0  0/0     7:43   0:00   0:00 
Carl Gunnarsson          0  0  0   2  0   0  0  0  0  0  0/0    13:29   0:00   0:00 
Clarke MacArthur         0  0  0   0  0   1  0  0  0  0  0/1    10:03   0:00   1:01 
Jay McClement            0  0  0   0  0   1  0  0  0  0  7/13   10:27   0:00   3:37 
Jiri Hudler              0  1  1   0  0   7  0  0  0  0  15/30  17:57   5:46   1:46 
Joakim Andersson         0  0  0  -1  0   0  0  0  0  0  4/7     7:43   0:00   0:00 
Johnny Boychuk           0  2  2   2  4   3  3  4  0  0  0/0    23:48   6:48   3:33 
Jussi Jokinen            0  0  0   0  0   0  0  0  0  0  1/1    10:25   0:00   0:00 
Lee Stempniak            0  0  0   0  0   3  0  0  0  0  1/4    14:48   5:46   0:00 
Marian Hossa             2  1  3   2  0   5  0  0  0  0  3/6    23:37   7:36   5:43 
Matt Carle               0  0  0   0  0   2  0  2  0  0  0/0    23:43   6:48   5:59 
Matt Irwin               0  1  1  -1  2   2  0  3  0  0  0/0    21:54   6:34   2:39 
Michael Raffl            1  0  1   0  2   6  3  0  0  0  6/12   19:23   5:46   3:13 
Mike Fisher              2  1  3   2  2   7  2  0  0  0  26/36  23:05   7:36   3:42 
Mike Weaver              0  0  0   0  0   0  0  3  0  0  0/0    16:20   0:00   4:36 
Rick Nash                0  2  2   2  0   7  0  0  0  0  1/1    17:33   7:36   0:00 
Rob Klinkhammer          0  0  0  -1  0   0  1  0  0  0  0/1     7:43   0:00   0:00 
Tim Erixon               0  0  0  -1  0   2  0  2  0  0  0/0    20:43   6:34   2:15 

Players Stats for BlackHawks

Player Name              G  A  P  +/- PIM S  H  SB GA TA FO     MP     PP MP  PK MP  
------------------------------------------------------------------------------------
Adam McQuaid             0  0  0   0  0   1  1  1  0  0  0/0     9:18   0:00   2:03 
Alex Galchenyuk          0  0  0   1  0   3  0  0  0  0  3/4    20:22   5:39   0:31 
Bobby Farnham            0  0  0   0  0   1  2  0  0  0  0/2     6:32   0:00   0:00 
Dion Phaneuf             0  1  1   0  0   4  3  4  0  0  0/0    27:37   5:06   8:12 
Jared Boll               0  0  0  -2  0   0  1  0  0  0  1/5    18:38   0:00   8:07 
Jason Demers             0  0  0  -2  2   1  1  0  0  0  0/0    15:25   4:25   0:00 
Keith Aulie              0  0  0   0  2   0  1  0  0  0  1/1     7:14   0:00   0:00 
Kevin Bieksa             1  0  1  -2  2   2  4  1  0  0  0/0    19:51   4:25   4:49 
Luke Gazdic              0  0  0   0  0   0  0  0  0  0  1/1    11:22   0:00   4:50 
Marek Zidlicky           1  1  2   1  0   2  0  1  0  0  0/0    17:16   5:06   0:00 
Robyn Regehr             1  0  1   1  4   1  2  0  0  0  0/0    17:12   0:00   5:27 
Ryan Malone              0  0  0   0  0   0  1  1  0  0  9/20   13:38   3:42   5:56 
Ryan OReilly             0  3  3   1  0   6  0  1  0  0  20/32  20:47   5:28   2:30 
Ryan Reaves              0  0  0   0  0   0  1  0  0  0  3/12    7:15   0:00   0:00 
Tom Wilson               0  0  0   1  2   3  6  1  0  0  0/0    18:06   5:18   0:00 
Travis Hamonic           0  0  0   0  0   0  3  4  0  0  0/0    20:32   0:00   6:13 
Trevor Lewis             0  1  1  -2  0   3  0  0  0  0  10/32  19:34   4:13   4:50 
Zack Kassian             0  0  0  -2  4   3  5  0  0  0  0/3    15:51   4:13   0:00 

3 Stars

1 - Marian Hossa (STL)
2 - Mike Fisher (STL)
3 - Ryan OReilly (CHI)

Power Play

Blues - 3 on 8 Attempt(s) - 37.50%
BlackHawks - 2 on 5 Attempt(s) - 40.00%

Penalty Kill

Blues - 3 on 5 Attempt(s) - 60.00% - Score 0 goal in Penalty Kill
BlackHawks - 5 on 8 Attempt(s) - 62.50% - Score 0 goal in Penalty Kill

Team Stat

Blues - Hits : 10 - Faceoff Wins : 64 - Blocked Shots : 14 - Penalty Minutes : 10
BlackHawks - Hits : 31 - Faceoff Wins : 48 - Blocked Shots : 14 - Penalty Minutes : 16

Official

Referees : Dean Morton and Greg Kimmerly
Linesman : Jean Morin and Don Henderson

Game Notes

Ryan Malone is injured at 7:02 of 3rd period (Back)
Jay McClement is injured at 10:07 of 3rd period (Torso)

Finance

Level 1 -- Attendance: 5589 (85.98%) -- Ticket Income $620,379
Level 2 -- Attendance: 5000 (100.00%) -- Ticket Income $375,000
Level 3 -- Attendance: 3049 (87.11%) -- Ticket Income $167,695
Level 4 -- Attendance: 2472 (66.51%) -- Ticket Income $91,464
Luxury Box -- Attendance: 939 (93.90%) -- Ticket Income $186,861
Game was played at the United Center.
Total Attendance: 17049 (86.47%)
Total Ticket Income: $1,441,399
Other Income: $216,210
Total Income: $1,657,609

% Time on Ice - Blues

Lines # - Real PCT - Wanted PCT - Time Play
Normal Forward
1 - 27% - 32% - 9:57
2 - 28% - 31% - 10:25
3 - 24% - 29% - 9:02
4 - 21% - 8% - 7:43
Normal Defense
1 - 36% - 35% - 13:29
2 - 32% - 33% - 11:44
3 - 32% - 32% - 11:54
4 - 0% - 0% - 0:00
PP Forward
1 - 57% - 60% - 7:36
2 - 43% - 40% - 5:46
PP Defense
1 - 51% - 62% - 6:48
2 - 49% - 38% - 6:34
PK Forward
1 - 54% - 50% - 5:10
2 - 46% - 50% - 4:21
PK Defense
1 - 57% - 51% - 5:24
2 - 43% - 49% - 4:07
PK3 Forward
1 - 0% - 51%
2 - 0% - 49%
PK3 Defense
1 - 0% - 51%
2 - 0% - 49%
44 Forward
1 - 0% - 51%
2 - 0% - 49%
44 Defense
1 - 0% - 51%
2 - 0% - 49%
Last Minute Offensive  - 0:00
Last Minute Defensive  - 0:00
Total
Forward - 60:00
Defense - 60:00

% Time on Ice - BlackHawks

Lines # - Real PCT - Wanted PCT - Time Play
Normal Forward
1 - 35% - 38% - 12:49
2 - 28% - 32% - 10:31
3 - 18% - 20% - 6:32
4 - 20% - 10% - 7:15
Normal Defense
1 - 39% - 37% - 14:19
2 - 32% - 34% - 11:47
3 - 29% - 29% - 10:38
4 - 1% - 0% - 0:23
PP Forward
1 - 56% - 60% - 5:18
2 - 44% - 40% - 4:13
PP Defense
1 - 54% - 60% - 5:06
2 - 46% - 40% - 4:25
PK Forward
1 - 64% - 55% - 8:32
2 - 36% - 45% - 4:50
PK Defense
1 - 53% - 55% - 7:09
2 - 47% - 45% - 6:13
PK3 Forward
1 - 0% - 50%
2 - 0% - 50%
PK3 Defense
1 - 0% - 55%
2 - 0% - 45%
44 Forward
1 - 0% - 55%
2 - 0% - 45%
44 Defense
1 - 0% - 55%
2 - 0% - 45%
Last Minute Offensive  - 0:00
Last Minute Defensive  - 0:00
Total
Forward - 60:00
Defense - 60:00

Play by Play

1st period


0:01 of 1st period - Marian Hossa wins face-off versus Ryan OReilly in neutral zone.
0:28 of 1st period - Shot by Tom Wilson.
0:28 of 1st period - Deflect By Alex Galchenyuk.
0:28 of 1st period - Shot Misses the Net.
0:43 of 1st period - Icing by Travis Hamonic.
0:44 of 1st period - Jiri Hudler wins face-off versus Ryan OReilly in BlackHawks zone.
0:44 of 1st period - Jussi Jokinen is hit by Travis Hamonic and loses puck.
1:08 of 1st period - Shot by Trevor Lewis.
1:08 of 1st period - Stopped by Karri Ramo without a rebound.
1:09 of 1st period - Jay McClement wins face-off versus Ryan Malone in Blues zone.
1:09 of 1st period - Jay McClement is hit by Bobby Farnham.
1:20 of 1st period - Icing by Jason Demers.
1:21 of 1st period - Luke Gazdic wins face-off versus Joakim Andersson in BlackHawks zone.
1:21 of 1st period - Luke Gazdic is hit by Rob Klinkhammer.
2:40 of 1st period - Shot by Trevor Lewis.
2:40 of 1st period - Stopped by Karri Ramo without a rebound.
2:41 of 1st period - Jay McClement wins face-off versus Ryan Reaves in Blues zone.
2:48 of 1st period - Shot by Clarke MacArthur.
2:48 of 1st period - Stopped by Craig Anderson with a rebound.
3:56 of 1st period - Icing by Carl Gunnarsson.
3:57 of 1st period - Trevor Lewis wins face-off versus Jiri Hudler in Blues zone.
4:24 of 1st period - Shot by Jiri Hudler.
4:24 of 1st period - Stopped by Craig Anderson without a rebound.
4:25 of 1st period - Mike Fisher wins face-off versus Ryan OReilly in BlackHawks zone.
4:44 of 1st period - Shot by Rick Nash.
4:44 of 1st period - Shot Misses the Net.
4:52 of 1st period - Shot by Mike Fisher.
4:52 of 1st period - Deflect By Rick Nash.
4:52 of 1st period - Shot Misses the Net.
4:54 of 1st period - Shot by Matt Irwin.
4:54 of 1st period - Shot Blocked by Tom Wilson.
4:58 of 1st period - Shot by Marian Hossa.
4:58 of 1st period - Stopped by Craig Anderson without a rebound.
4:59 of 1st period - Lee Stempniak wins face-off versus Trevor Lewis in BlackHawks zone.
5:00 of 1st period - Shot by Jay McClement.
5:00 of 1st period - Stopped by Craig Anderson with a rebound.
5:02 of 1st period - Shot by Mike Weaver.
5:02 of 1st period - Shot Misses the Net.
5:04 of 1st period - Shot by Matt Carle.
5:04 of 1st period - Stopped by Craig Anderson without a rebound.
5:05 of 1st period - Trevor Lewis wins face-off versus Jiri Hudler in BlackHawks zone.
5:13 of 1st period - Minor Penalty to Johnny Boychuk for Holding.
5:14 of 1st period - Ryan OReilly wins face-off versus Marian Hossa in Blues zone.
5:47 of 1st period - Shot by Alex Galchenyuk.
5:47 of 1st period - Stopped by Karri Ramo without a rebound.
5:48 of 1st period - Michael Raffl wins face-off versus Trevor Lewis in Blues zone.
6:09 of 1st period - Shot by Zack Kassian.
6:09 of 1st period - Shot Misses the Net.
6:23 of 1st period - Shot by Kevin Bieksa.
6:23 of 1st period - Stopped by Karri Ramo with a rebound.
6:25 of 1st period - Shot by Zack Kassian.
6:25 of 1st period - Stopped by Karri Ramo without a rebound.
6:26 of 1st period - Jay McClement wins face-off versus Ryan OReilly in Blues zone.
6:26 of 1st period - Jay McClement is hit by Tom Wilson.
6:44 of 1st period - Shot by Dion Phaneuf.
6:44 of 1st period - Stopped by Karri Ramo without a rebound.
6:45 of 1st period - Ryan OReilly wins face-off versus Michael Raffl in Blues zone.
7:08 of 1st period - Icing by Dion Phaneuf.
7:09 of 1st period - Ryan OReilly wins face-off versus Michael Raffl in BlackHawks zone.
7:13 of 1st period - Icing by Alex Galchenyuk.
7:14 of 1st period - Trevor Lewis wins face-off versus Mike Fisher in BlackHawks zone.
7:32 of 1st period - Icing by Johnny Boychuk.
7:33 of 1st period - Mike Fisher wins face-off versus Bobby Farnham in Blues zone.
7:48 of 1st period - Shot by Mike Fisher.
7:48 of 1st period - Stopped by Craig Anderson without a rebound.
7:49 of 1st period - Ryan OReilly wins face-off versus Jiri Hudler in BlackHawks zone.
8:12 of 1st period - Shot by Michael Raffl.
8:12 of 1st period - Stopped by Craig Anderson without a rebound.
8:13 of 1st period - Trevor Lewis wins face-off versus Clarke MacArthur in BlackHawks zone.
8:33 of 1st period - Minor Penalty to Robyn Regehr for Tripping.
8:34 of 1st period - Mike Fisher wins face-off versus Ryan Malone in BlackHawks zone.
8:47 of 1st period - Shot by Matt Irwin.
8:47 of 1st period - Shot Misses the Net.
8:49 of 1st period - Shot by Rick Nash.
8:49 of 1st period - Shot Blocked by Adam McQuaid.
8:51 of 1st period - Shot by Tim Erixon.
8:51 of 1st period - Stopped by Craig Anderson with a rebound.
8:53 of 1st period - Shot by Rick Nash.
8:53 of 1st period - Shot Misses the Net.
9:03 of 1st period - Shot by Rick Nash.
9:03 of 1st period - Shot Blocked by Dion Phaneuf.
9:05 of 1st period - Shot by Matt Irwin.
9:05 of 1st period - Stopped by Craig Anderson without a rebound.
9:06 of 1st period - Jiri Hudler wins face-off versus Trevor Lewis in BlackHawks zone.
10:28 of 1st period - Shot by Mike Fisher.
10:28 of 1st period - Shot Misses the Net.
10:30 of 1st period - Shot by Tim Erixon.
10:30 of 1st period - Shot Misses the Net.
10:32 of 1st period - Shot by Tim Erixon.
10:32 of 1st period - Shot Blocked by Kevin Bieksa.
10:34 of 1st period - Shot by Matt Carle.
10:34 of 1st period - Stopped by Craig Anderson without a rebound.
10:35 of 1st period - Alex Galchenyuk wins face-off versus Joakim Andersson in BlackHawks zone.
10:35 of 1st period - Alex Galchenyuk is hit by Cal Clutterbuck.
10:44 of 1st period - Robyn Regehr is hit by Johnny Boychuk and loses puck.
10:59 of 1st period - Shot by Alex Galchenyuk.
10:59 of 1st period - Shot Blocked by Johnny Boychuk.
11:17 of 1st period - Shot by Ryan OReilly.
11:17 of 1st period - Stopped by Karri Ramo without a rebound.
11:18 of 1st period - Ryan Reaves wins face-off versus Jiri Hudler in Blues zone.
11:23 of 1st period - Shot by Keith Aulie.
11:23 of 1st period - Shot Misses the Net.
11:25 of 1st period - Shot by Dion Phaneuf.
11:25 of 1st period - Stopped by Karri Ramo without a rebound.
11:26 of 1st period - Mike Fisher wins face-off versus Ryan Reaves in Blues zone.
11:33 of 1st period - Shot by Rick Nash.
11:33 of 1st period - Shot Hit the Post.
11:37 of 1st period - Shot by Marian Hossa.
11:37 of 1st period - Shot Misses the Net.
11:39 of 1st period - Shot by Rick Nash.
11:39 of 1st period - Stopped by Craig Anderson without a rebound.
11:40 of 1st period - Ryan OReilly wins face-off versus Jay McClement in BlackHawks zone.
11:51 of 1st period - Shot by Ryan OReilly.
11:51 of 1st period - Shot Blocked by Tim Erixon.
12:18 of 1st period - Minor Penalty to Matt Irwin for Hooking.
12:19 of 1st period - Michael Raffl wins face-off versus Zack Kassian in Blues zone.
12:19 of 1st period - Michael Raffl is hit by Zack Kassian.
12:25 of 1st period - Kevin Bieksa is hit by Michael Raffl and loses puck.
13:18 of 1st period - Shot by Marek Zidlicky.
13:18 of 1st period - Stopped by Karri Ramo without a rebound.
13:19 of 1st period - Ryan OReilly wins face-off versus Jay McClement in Blues zone.
13:42 of 1st period - Shot by Ryan OReilly.
13:42 of 1st period - Stopped by Karri Ramo without a rebound.
13:43 of 1st period - Michael Raffl wins face-off versus Trevor Lewis in Blues zone.
13:43 of 1st period - Michael Raffl is hit by Zack Kassian.
13:56 of 1st period - Shot by Trevor Lewis.
13:56 of 1st period - Shot Blocked by Tim Erixon.
13:58 of 1st period - Shot by Zack Kassian.
13:58 of 1st period - Stopped by Karri Ramo without a rebound.
13:59 of 1st period - Ryan OReilly wins face-off versus Michael Raffl in Blues zone.
14:20 of 1st period - Shot by Ryan OReilly.
14:20 of 1st period - Shot Misses the Net.
14:31 of 1st period - Icing by Matt Irwin.
14:32 of 1st period - Joakim Andersson wins face-off versus Trevor Lewis in Blues zone.
14:32 of 1st period - Joakim Andersson is hit by Zack Kassian.
14:49 of 1st period - Shot by Zack Kassian.
14:49 of 1st period - Deflect By Trevor Lewis.
14:49 of 1st period - Shot Misses the Net.
14:56 of 1st period - Minor Penalty to Zack Kassian for Roughing.
14:57 of 1st period - Ryan Malone wins face-off versus Marian Hossa in BlackHawks zone.
15:05 of 1st period - Off-side.
15:06 of 1st period - Mike Fisher wins face-off versus Jared Boll in neutral zone.
15:15 of 1st period - Shot by Mike Fisher.
15:15 of 1st period - Stopped by Craig Anderson without a rebound.
15:16 of 1st period - Mike Fisher wins face-off versus Trevor Lewis in BlackHawks zone.
15:38 of 1st period - Shot by Rick Nash.
15:38 of 1st period - Stopped by Craig Anderson without a rebound.
15:39 of 1st period - Jiri Hudler wins face-off versus Ryan Malone in BlackHawks zone.
15:44 of 1st period - Shot by Michael Raffl.
15:44 of 1st period - Goal by Michael Raffl - Blues : 1 - BlackHawks : 0.
15:45 of 1st period - Ryan OReilly wins face-off versus Jiri Hudler in neutral zone.
16:25 of 1st period - Shot by Jiri Hudler.
16:25 of 1st period - Stopped by Craig Anderson without a rebound.
16:26 of 1st period - Mike Fisher wins face-off versus Trevor Lewis in BlackHawks zone.
16:27 of 1st period - Shot by Rick Nash.
16:27 of 1st period - Shot Misses the Net.
16:29 of 1st period - Shot by Mike Fisher.
16:29 of 1st period - Goal by Mike Fisher - Blues : 2 - BlackHawks : 0.
16:30 of 1st period - Mike Fisher wins face-off versus Trevor Lewis in neutral zone.
16:36 of 1st period - Icing by Rick Nash.
16:37 of 1st period - Mike Fisher wins face-off versus Trevor Lewis in Blues zone.
17:01 of 1st period - Shot by Zack Kassian.
17:01 of 1st period - Shot Blocked by Johnny Boychuk.
17:07 of 1st period - Shot by Marian Hossa.
17:07 of 1st period - Goal by Marian Hossa - Blues : 3 - BlackHawks : 0.
17:08 of 1st period - Ryan OReilly wins face-off versus Jiri Hudler in neutral zone.
17:25 of 1st period - Shot by Alex Galchenyuk.
17:25 of 1st period - Stopped by Karri Ramo with a rebound.
17:40 of 1st period - Icing by Jussi Jokinen.
17:41 of 1st period - Ryan Malone wins face-off versus Jiri Hudler in Blues zone.
17:56 of 1st period - Travis Hamonic is hit by Michael Raffl.
18:27 of 1st period - Minor Penalty to Zack Kassian for Hooking.
18:28 of 1st period - Mike Fisher wins face-off versus Ryan Malone in BlackHawks zone.
18:31 of 1st period - Shot by Rick Nash.
18:31 of 1st period - Stopped by Craig Anderson without a rebound.
18:32 of 1st period - Mike Fisher wins face-off versus Ryan Malone in BlackHawks zone.
18:39 of 1st period - Shot by Marian Hossa.
18:39 of 1st period - Shot Blocked by Dion Phaneuf.
18:41 of 1st period - Shot by Tim Erixon.
18:41 of 1st period - Stopped by Craig Anderson with a rebound.
18:47 of 1st period - Shot by Rick Nash.
18:47 of 1st period - Shot Misses the Net.
18:49 of 1st period - Shot by Rick Nash.
18:49 of 1st period - Shot Blocked by Ryan Malone.
19:49 of 1st period - Shot by Jiri Hudler.
19:49 of 1st period - Deflect By Michael Raffl.
19:49 of 1st period - Shot Blocked by Travis Hamonic.
Goals for this period are 3 for Blues vs 0 for BlackHawks.
Shots for this period are 19 for Blues vs 12 for BlackHawks.

2nd period


0:01 of 2nd period - Mike Fisher wins face-off versus Jared Boll in neutral zone.
0:04 of 2nd period - Shot by Johnny Boychuk.
0:04 of 2nd period - Deflect By Mike Fisher.
0:04 of 2nd period - Goal by Mike Fisher - Blues : 4 - BlackHawks : 0.
0:05 of 2nd period - Trevor Lewis wins face-off versus Mike Fisher in neutral zone.
0:34 of 2nd period - Minor Penalty to Mike Fisher for Elbowing.
0:35 of 2nd period - Ryan OReilly wins face-off versus Jay McClement in Blues zone.
0:38 of 2nd period - Shot by Ryan OReilly.
0:38 of 2nd period - Stopped by Karri Ramo without a rebound.
0:39 of 2nd period - Ryan OReilly wins face-off versus Michael Raffl in Blues zone.
0:42 of 2nd period - Shot by Alex Galchenyuk.
0:42 of 2nd period - Shot Misses the Net.
0:44 of 2nd period - Shot by Alex Galchenyuk.
0:44 of 2nd period - Shot Misses the Net.
0:46 of 2nd period - Shot by Ryan OReilly.
0:46 of 2nd period - Stopped by Karri Ramo without a rebound.
0:47 of 2nd period - Ryan OReilly wins face-off versus Michael Raffl in Blues zone.
0:50 of 2nd period - Shot by Ryan OReilly.
0:50 of 2nd period - Deflect By Tom Wilson.
0:50 of 2nd period - Shot Misses the Net.
0:52 of 2nd period - Shot by Dion Phaneuf.
0:52 of 2nd period - Shot Misses the Net.
1:16 of 2nd period - Shot by Dion Phaneuf.
1:16 of 2nd period - Shot Misses the Net.
1:39 of 2nd period - Johnny Boychuk is hit by Tom Wilson and loses puck.
1:50 of 2nd period - Shot by Trevor Lewis.
1:50 of 2nd period - Stopped by Karri Ramo without a rebound.
1:51 of 2nd period - Michael Raffl wins face-off versus Trevor Lewis in Blues zone.
2:17 of 2nd period - Jay McClement is hit by Ryan Malone and loses puck.
2:30 of 2nd period - Shot by Kevin Bieksa.
2:30 of 2nd period - Shot Blocked by Matt Irwin.
2:34 of 2nd period - Shot by Zack Kassian.
2:34 of 2nd period - Shot Blocked by Johnny Boychuk.
2:37 of 2nd period - Icing by Johnny Boychuk.
2:38 of 2nd period - Joakim Andersson wins face-off versus Ryan Reaves in Blues zone.
3:40 of 2nd period - Cal Clutterbuck is hit by Dion Phaneuf and loses puck.
3:55 of 2nd period - Shot by Tom Wilson.
3:55 of 2nd period - Stopped by Karri Ramo without a rebound.
3:56 of 2nd period - Jay McClement wins face-off versus Trevor Lewis in Blues zone.
3:56 of 2nd period - Jay McClement is hit by Zack Kassian.
4:13 of 2nd period - Minor Penalty to Jason Demers for Roughing.
4:14 of 2nd period - Ryan Malone wins face-off versus Mike Fisher in BlackHawks zone.
4:31 of 2nd period - Shot by Marian Hossa.
4:31 of 2nd period - Shot Blocked by Dion Phaneuf.
4:33 of 2nd period - Shot by Marian Hossa.
4:33 of 2nd period - Shot Misses the Net.
4:47 of 2nd period - Shot by Mike Fisher.
4:47 of 2nd period - Deflect By Marian Hossa.
4:47 of 2nd period - Shot Misses the Net.
4:49 of 2nd period - Shot by Matt Irwin.
4:49 of 2nd period - Stopped by Craig Anderson without a rebound.
4:50 of 2nd period - Trevor Lewis wins face-off versus Jiri Hudler in BlackHawks zone.
5:06 of 2nd period - Icing by Johnny Boychuk.
5:07 of 2nd period - Jiri Hudler wins face-off versus Trevor Lewis in Blues zone.
5:16 of 2nd period - Shot by Jiri Hudler.
5:16 of 2nd period - Stopped by Craig Anderson with a rebound.
6:04 of 2nd period - Shot by Matt Irwin.
6:04 of 2nd period - Shot Misses the Net.
6:22 of 2nd period - Shot by Cal Clutterbuck.
6:22 of 2nd period - Stopped by Craig Anderson without a rebound.
6:23 of 2nd period - Joakim Andersson wins face-off versus Ryan OReilly in BlackHawks zone.
6:34 of 2nd period - Shot by Cal Clutterbuck.
6:34 of 2nd period - Shot Misses the Net.
6:40 of 2nd period - Shot by Ryan OReilly.
6:40 of 2nd period - Shot Blocked by Matt Irwin.
6:42 of 2nd period - Shot by Robyn Regehr.
6:42 of 2nd period - Goal by Robyn Regehr - Blues : 4 - BlackHawks : 1.
6:43 of 2nd period - Rick Nash wins face-off versus Ryan Reaves in neutral zone.
6:49 of 2nd period - Off-side.
6:50 of 2nd period - Mike Fisher wins face-off versus Trevor Lewis in neutral zone.
7:04 of 2nd period - Rick Nash is hit by Kevin Bieksa and loses puck.
7:29 of 2nd period - Shot by Rick Nash.
7:29 of 2nd period - Shot Misses the Net.
7:57 of 2nd period - Off-side.
7:58 of 2nd period - Ryan OReilly wins face-off versus Jiri Hudler in neutral zone.
8:34 of 2nd period - Shot by Tom Wilson.
8:34 of 2nd period - Stopped by Karri Ramo without a rebound.
8:35 of 2nd period - Ryan Malone wins face-off versus Jay McClement in Blues zone.
9:59 of 2nd period - Rick Nash is hit by Dion Phaneuf and loses puck.
10:09 of 2nd period - Icing by Matt Irwin.
10:10 of 2nd period - Ryan OReilly wins face-off versus Mike Fisher in Blues zone.
10:41 of 2nd period - Shot by Jussi Jokinen.
10:41 of 2nd period - Shot Misses the Net.
10:43 of 2nd period - Shot by Carl Gunnarsson.
10:43 of 2nd period - Shot Blocked by Ryan OReilly.
11:03 of 2nd period - Shot by Jussi Jokinen.
11:03 of 2nd period - Shot Misses the Net.
11:05 of 2nd period - Shot by Johnny Boychuk.
11:05 of 2nd period - Stopped by Craig Anderson without a rebound.
11:06 of 2nd period - Trevor Lewis wins face-off versus Jay McClement in BlackHawks zone.
12:08 of 2nd period - Shot by Bobby Farnham.
12:08 of 2nd period - Stopped by Karri Ramo without a rebound.
12:09 of 2nd period - Mike Fisher wins face-off versus Ryan Reaves in Blues zone.
12:09 of 2nd period - Mike Fisher is hit by Ryan Reaves.
12:20 of 2nd period - Mike Fisher is hit by Robyn Regehr and loses puck.
12:22 of 2nd period - Minor Penalty to Robyn Regehr for Hooking.
12:23 of 2nd period - Mike Fisher wins face-off versus Ryan Malone in BlackHawks zone.
12:23 of 2nd period - Mike Fisher is hit by Kevin Bieksa.
12:37 of 2nd period - Shot by Marian Hossa.
12:37 of 2nd period - Stopped by Craig Anderson without a rebound.
12:38 of 2nd period - Mike Fisher wins face-off versus Jared Boll in BlackHawks zone.
12:55 of 2nd period - Shot by Johnny Boychuk.
12:55 of 2nd period - Shot Misses the Net.
13:41 of 2nd period - Shot by Lee Stempniak.
13:41 of 2nd period - Stopped by Craig Anderson with a rebound.
13:43 of 2nd period - Shot by Lee Stempniak.
13:43 of 2nd period - Stopped by Craig Anderson without a rebound.
13:44 of 2nd period - Jiri Hudler wins face-off versus Ryan Malone in BlackHawks zone.
13:45 of 2nd period - Shot by Michael Raffl.
13:45 of 2nd period - Stopped by Craig Anderson without a rebound.
13:46 of 2nd period - Jared Boll wins face-off versus Jiri Hudler in BlackHawks zone.
13:54 of 2nd period - Icing by Michael Raffl.
13:55 of 2nd period - Trevor Lewis wins face-off versus Michael Raffl in Blues zone.
14:01 of 2nd period - Icing by Matt Irwin.
14:02 of 2nd period - Ryan Malone wins face-off versus Lee Stempniak in Blues zone.
15:05 of 2nd period - Shot by Ryan OReilly.
15:05 of 2nd period - Stopped by Karri Ramo without a rebound.
15:06 of 2nd period - Ryan Malone wins face-off versus Jiri Hudler in Blues zone.
15:18 of 2nd period - Icing by Matt Irwin.
15:19 of 2nd period - Jiri Hudler wins face-off versus Trevor Lewis in Blues zone.
15:19 of 2nd period - Jiri Hudler is hit by Jared Boll.
15:50 of 2nd period - Shot by Jiri Hudler.
15:50 of 2nd period - Stopped by Craig Anderson without a rebound.
15:51 of 2nd period - Alex Galchenyuk wins face-off versus Lee Stempniak in BlackHawks zone.
16:22 of 2nd period - Shot by Alex Galchenyuk.
16:22 of 2nd period - Shot Blocked by Mike Weaver.
16:24 of 2nd period - Shot by Dion Phaneuf.
16:24 of 2nd period - Shot Blocked by Mike Weaver.
16:26 of 2nd period - Shot by Tom Wilson.
16:26 of 2nd period - Stopped by Karri Ramo with a rebound.
16:28 of 2nd period - Shot by Travis Hamonic.
16:28 of 2nd period - Shot Misses the Net.
17:02 of 2nd period - Johnny Boychuk is hit by Tom Wilson and loses puck.
17:08 of 2nd period - Off-side.
17:09 of 2nd period - Trevor Lewis wins face-off versus Jiri Hudler in neutral zone.
17:22 of 2nd period - Robyn Regehr is hit by Michael Raffl and loses puck.
17:38 of 2nd period - Minor Penalty to Michael Raffl for Hooking.
17:39 of 2nd period - Jay McClement wins face-off versus Trevor Lewis in Blues zone.
18:07 of 2nd period - Shot by Trevor Lewis.
18:07 of 2nd period - Shot Hit the Post.
18:09 of 2nd period - Shot by Jason Demers.
18:09 of 2nd period - Shot Blocked by Johnny Boychuk.
18:11 of 2nd period - Shot by Jason Demers.
18:11 of 2nd period - Stopped by Karri Ramo without a rebound.
18:12 of 2nd period - Ryan OReilly wins face-off versus Jiri Hudler in Blues zone.
18:13 of 2nd period - Shot by Dion Phaneuf.
18:13 of 2nd period - Stopped by Karri Ramo without a rebound.
18:14 of 2nd period - Ryan OReilly wins face-off versus Marian Hossa in Blues zone.
18:23 of 2nd period - Shot by Marek Zidlicky.
18:23 of 2nd period - Shot Misses the Net.
18:25 of 2nd period - Shot by Alex Galchenyuk.
18:25 of 2nd period - Shot Misses the Net.
18:27 of 2nd period - Shot by Dion Phaneuf.
18:27 of 2nd period - Shot Misses the Net.
18:29 of 2nd period - Shot by Dion Phaneuf.
18:29 of 2nd period - Stopped by Karri Ramo without a rebound.
18:30 of 2nd period - Marian Hossa wins face-off versus Trevor Lewis in Blues zone.
19:15 of 2nd period - Shot by Tom Wilson.
19:15 of 2nd period - Shot Blocked by Mike Weaver.
19:25 of 2nd period - Shot by Dion Phaneuf.
19:25 of 2nd period - Shot Misses the Net.
19:31 of 2nd period - Shot by Ryan OReilly.
19:31 of 2nd period - Stopped by Karri Ramo with a rebound.
19:33 of 2nd period - Shot by Marek Zidlicky.
19:33 of 2nd period - Goal by Marek Zidlicky - Blues : 4 - BlackHawks : 2.
19:34 of 2nd period - Ryan Reaves wins face-off versus Jay McClement in neutral zone.
19:52 of 2nd period - Clarke MacArthur is hit by Travis Hamonic and loses puck.
Goals for this period are 1 for Blues vs 2 for BlackHawks.
Shots for this period are 10 for Blues vs 14 for BlackHawks.

3rd period


0:01 of 3rd period - Mike Fisher wins face-off versus Trevor Lewis in neutral zone.
0:05 of 3rd period - Icing by Jason Demers.
0:06 of 3rd period - Mike Fisher wins face-off versus Trevor Lewis in BlackHawks zone.
0:09 of 3rd period - Shot by Rick Nash.
0:09 of 3rd period - Stopped by Craig Anderson without a rebound.
0:10 of 3rd period - Ryan OReilly wins face-off versus Mike Fisher in BlackHawks zone.
0:36 of 3rd period - Minor Penalty to Kevin Bieksa for Hooking.
0:37 of 3rd period - Jiri Hudler wins face-off versus Ryan Malone in BlackHawks zone.
0:37 of 3rd period - Jiri Hudler is hit by Dion Phaneuf.
0:39 of 3rd period - Shot by Michael Raffl.
0:39 of 3rd period - Shot Misses the Net.
0:41 of 3rd period - Shot by Jiri Hudler.
0:41 of 3rd period - Stopped by Craig Anderson without a rebound.
0:42 of 3rd period - Michael Raffl wins face-off versus Ryan Malone in BlackHawks zone.
0:47 of 3rd period - Shot by Jiri Hudler.
0:47 of 3rd period - Stopped by Craig Anderson without a rebound.
0:48 of 3rd period - Ryan Malone wins face-off versus Mike Fisher in BlackHawks zone.
1:05 of 3rd period - Shot by Marian Hossa.
1:05 of 3rd period - Shot Misses the Net.
1:07 of 3rd period - Shot by Johnny Boychuk.
1:07 of 3rd period - Stopped by Craig Anderson without a rebound.
1:08 of 3rd period - Jiri Hudler wins face-off versus Trevor Lewis in BlackHawks zone.
1:13 of 3rd period - Shot by Michael Raffl.
1:13 of 3rd period - Stopped by Craig Anderson without a rebound.
1:14 of 3rd period - Mike Fisher wins face-off versus Ryan Malone in BlackHawks zone.
1:45 of 3rd period - Shot by Rick Nash.
1:45 of 3rd period - Stopped by Craig Anderson with a rebound.
1:47 of 3rd period - Shot by Mike Fisher.
1:47 of 3rd period - Stopped by Craig Anderson without a rebound.
1:48 of 3rd period - Jiri Hudler wins face-off versus Trevor Lewis in BlackHawks zone.
1:57 of 3rd period - Shot by Michael Raffl.
1:57 of 3rd period - Shot Blocked by Travis Hamonic.
1:59 of 3rd period - Shot by Jiri Hudler.
1:59 of 3rd period - Shot Blocked by Dion Phaneuf.
2:01 of 3rd period - Shot by Jiri Hudler.
2:01 of 3rd period - Deflect By Lee Stempniak.
2:01 of 3rd period - Stopped by Craig Anderson with a rebound.
2:20 of 3rd period - Shot by Michael Raffl.
2:20 of 3rd period - Stopped by Craig Anderson without a rebound.
2:21 of 3rd period - Ryan Malone wins face-off versus Mike Fisher in BlackHawks zone.
3:07 of 3rd period - Icing by Johnny Boychuk.
3:08 of 3rd period - Joakim Andersson wins face-off versus Trevor Lewis in Blues zone.
3:21 of 3rd period - Shot by Zack Kassian.
3:21 of 3rd period - Shot Misses the Net.
3:23 of 3rd period - Shot by Trevor Lewis.
3:23 of 3rd period - Deflect By Zack Kassian.
3:23 of 3rd period - Shot Misses the Net.
3:25 of 3rd period - Shot by Zack Kassian.
3:25 of 3rd period - Shot Misses the Net.
4:01 of 3rd period - Icing by Matt Carle.
4:02 of 3rd period - Ryan OReilly wins face-off versus Jiri Hudler in Blues zone.
4:06 of 3rd period - Icing by Mike Weaver.
4:07 of 3rd period - Jiri Hudler wins face-off versus Ryan OReilly in Blues zone.
4:32 of 3rd period - Shot by Ryan OReilly.
4:32 of 3rd period - Shot Blocked by Matt Carle.
5:00 of 3rd period - Icing by Rick Nash.
5:01 of 3rd period - Mike Fisher wins face-off versus Ryan Malone in Blues zone.
5:01 of 3rd period - Rick Nash is hit by Bobby Farnham and loses puck.
5:08 of 3rd period - Shot by Mike Fisher.
5:08 of 3rd period - Stopped by Craig Anderson without a rebound.
5:09 of 3rd period - Jay McClement wins face-off versus Trevor Lewis in BlackHawks zone.
5:19 of 3rd period - Jay McClement is hit by Robyn Regehr and loses puck.
5:45 of 3rd period - Shot by Clarke MacArthur.
5:45 of 3rd period - Shot Blocked by Marek Zidlicky.
6:19 of 3rd period - Shot by Rick Nash.
6:19 of 3rd period - Stopped by Craig Anderson without a rebound.
6:20 of 3rd period - Jussi Jokinen wins face-off versus Ryan OReilly in BlackHawks zone.
6:54 of 3rd period - Shot by Jiri Hudler.
6:54 of 3rd period - Stopped by Craig Anderson without a rebound.
6:55 of 3rd period - Mike Fisher wins face-off versus Bobby Farnham in BlackHawks zone.
7:00 of 3rd period - Shot by Rick Nash.
7:00 of 3rd period - Stopped by Craig Anderson without a rebound.
7:01 of 3rd period - Ryan Malone wins face-off versus Mike Fisher in BlackHawks zone.
7:01 of 3rd period - Ryan Malone is hit by Mike Fisher.
7:02 of 3rd period - Ryan Malone from BlackHawks is injured at 7:02 of 3rd period (Back).
7:03 of 3rd period - Mike Fisher wins face-off versus Jared Boll in BlackHawks zone.
7:04 of 3rd period - Shot by Rick Nash.
7:04 of 3rd period - Shot Misses the Net.
7:15 of 3rd period - Marian Hossa is hit by Kevin Bieksa and loses puck.
7:27 of 3rd period - Rick Nash is hit by Jason Demers.
7:52 of 3rd period - Marian Hossa is hit by Tom Wilson and loses puck.
7:53 of 3rd period - Minor Penalty to Tom Wilson for Slashing.
7:54 of 3rd period - Ryan OReilly wins face-off versus Jiri Hudler in BlackHawks zone.
8:53 of 3rd period - Robyn Regehr is hit by Mike Fisher.
9:04 of 3rd period - Icing by Rick Nash.
9:05 of 3rd period - Ryan OReilly wins face-off versus Mike Fisher in Blues zone.
9:39 of 3rd period - Mike Fisher is hit by Travis Hamonic and loses puck.
10:03 of 3rd period - Jason Demers is hit by Johnny Boychuk and loses puck.
10:05 of 3rd period - Minor Penalty to Johnny Boychuk for Roughing.
10:06 of 3rd period - Jay McClement wins face-off versus Ryan OReilly in Blues zone.
10:06 of 3rd period - Jay McClement is hit by Tom Wilson.
10:07 of 3rd period - Jay McClement from Blues is injured at 10:07 of 3rd period (Torso).
10:08 of 3rd period - Jiri Hudler wins face-off versus Ryan OReilly in Blues zone.
10:08 of 3rd period - Jiri Hudler is hit by Tom Wilson.
10:28 of 3rd period - Shot by Alex Galchenyuk.
10:28 of 3rd period - Stopped by Karri Ramo without a rebound.
10:29 of 3rd period - Mike Fisher wins face-off versus Zack Kassian in Blues zone.
10:47 of 3rd period - Shot by Alex Galchenyuk.
10:47 of 3rd period - Shot Misses the Net.
10:49 of 3rd period - Shot by Zack Kassian.
10:49 of 3rd period - Stopped by Karri Ramo without a rebound.
10:50 of 3rd period - Michael Raffl wins face-off versus Ryan OReilly in Blues zone.
11:02 of 3rd period - Shot by Alex Galchenyuk.
11:02 of 3rd period - Shot Misses the Net.
11:04 of 3rd period - Shot by Dion Phaneuf.
11:04 of 3rd period - Shot Blocked by Matt Carle.
11:42 of 3rd period - Shot by Trevor Lewis.
11:42 of 3rd period - Deflect By Ryan OReilly.
11:42 of 3rd period - Shot Misses the Net.
11:44 of 3rd period - Shot by Kevin Bieksa.
11:44 of 3rd period - Goal by Kevin Bieksa - Blues : 4 - BlackHawks : 3.
11:45 of 3rd period - Mike Fisher wins face-off versus Zack Kassian in neutral zone.
11:45 of 3rd period - Clarke MacArthur is hit by Zack Kassian.
12:20 of 3rd period - Clarke MacArthur is hit by Kevin Bieksa and loses puck.
13:19 of 3rd period - Minor Penalty to Keith Aulie for High sticking.
13:20 of 3rd period - Jiri Hudler wins face-off versus Ryan OReilly in BlackHawks zone.
13:21 of 3rd period - Shot by Johnny Boychuk.
13:21 of 3rd period - Stopped by Craig Anderson without a rebound.
13:22 of 3rd period - Jiri Hudler wins face-off versus Ryan OReilly in BlackHawks zone.
13:43 of 3rd period - Shot by Jiri Hudler.
13:43 of 3rd period - Shot Misses the Net.
13:51 of 3rd period - Shot by Jiri Hudler.
13:51 of 3rd period - Shot Misses the Net.
14:21 of 3rd period - Shot by Marian Hossa.
14:21 of 3rd period - Goal by Marian Hossa - Blues : 5 - BlackHawks : 3.
14:22 of 3rd period - Ryan Reaves wins face-off versus Joakim Andersson in neutral zone.
14:25 of 3rd period - Joakim Andersson is hit by Keith Aulie and loses puck.
14:32 of 3rd period - Shot by Adam McQuaid.
14:32 of 3rd period - Stopped by Karri Ramo without a rebound.
14:33 of 3rd period - Alex Galchenyuk wins face-off versus Mike Fisher in Blues zone.
14:33 of 3rd period - Alex Galchenyuk is hit by Johnny Boychuk.
14:51 of 3rd period - Shot by Marian Hossa.
14:51 of 3rd period - Stopped by Craig Anderson without a rebound.
14:52 of 3rd period - Jiri Hudler wins face-off versus Ryan Reaves in BlackHawks zone.
14:53 of 3rd period - Shot by Michael Raffl.
14:53 of 3rd period - Stopped by Craig Anderson with a rebound.
15:25 of 3rd period - Shot by Adam McQuaid.
15:25 of 3rd period - Shot Misses the Net.
15:58 of 3rd period - Shot by Alex Galchenyuk.
15:58 of 3rd period - Shot Misses the Net.
16:00 of 3rd period - Shot by Ryan OReilly.
16:00 of 3rd period - Shot Blocked by Matt Irwin.
16:47 of 3rd period - Icing by Kevin Bieksa.
16:48 of 3rd period - Trevor Lewis wins face-off versus Rob Klinkhammer in BlackHawks zone.
17:37 of 3rd period - Icing by Robyn Regehr.
17:38 of 3rd period - Mike Fisher wins face-off versus Alex Galchenyuk in BlackHawks zone.
17:43 of 3rd period - Shot by Mike Fisher.
17:43 of 3rd period - Shot Misses the Net.
18:21 of 3rd period - Shot by Mike Fisher.
18:21 of 3rd period - Stopped by Craig Anderson without a rebound.
18:22 of 3rd period - Mike Fisher wins face-off versus Ryan Reaves in BlackHawks zone.
19:07 of 3rd period - Icing by Travis Hamonic.
19:08 of 3rd period - Jiri Hudler wins face-off versus Ryan Reaves in BlackHawks zone.
19:15 of 3rd period - Shot by Michael Raffl.
19:15 of 3rd period - Shot Blocked by Travis Hamonic.
19:21 of 3rd period - Tim Erixon is hit by Adam McQuaid.
19:38 of 3rd period - Icing by Travis Hamonic.
19:39 of 3rd period - Keith Aulie wins face-off versus Lee Stempniak in BlackHawks zone.
19:41 of 3rd period - Icing by Travis Hamonic.
19:42 of 3rd period - Marian Hossa wins face-off versus Ryan Reaves in BlackHawks zone.
19:43 of 3rd period - Shot by Clarke MacArthur.
19:43 of 3rd period - Shot Blocked by Travis Hamonic.
19:45 of 3rd period - Shot by Lee Stempniak.
19:45 of 3rd period - Shot Misses the Net.
Goals for this period are 1 for Blues vs 1 for BlackHawks.
Shots for this period are 18 for Blues vs 4 for BlackHawks.